 Dungeon Crawl Stone Soup version 0.27.0-1-g7a089689b8 (webtiles) character file.

Game seed: 3200883845252234775

1684 gimp the Digger (level 9, -4/68 HPs)
             Began as a Naga Earth Elementalist on Aug 5, 2021.
             Killed from afar by an orc wizard (8 damage)
             ... with a magic dart
             ... on level 5 of the Dungeon.
             The game lasted 00:16:39 (6495 turns).

gimp the Digger (Naga Earth Elementalist)           Turns: 6495, Time: 00:16:39

Health: -4/68      AC:  7    Str: 12    XL:     9   Next: 2%
Magic:  2/15       EV:  9    Int: 18    God:
Gold:   275        SH:  0    Dex: 11    Spells: 5/16 levels left

rFire    + . .     SeeInvis +   a - staff of earth
rCold    + . .     Faith    .   (no shield)
rNeg     . . .     Spirit   .   o - +2 robe {rC+ rF+}
rPois    +         Reflect  .   m - +0 helmet
rElec    .         Harm     .   (no cloak)
rCorr    .         Rampage  .   (no gloves)
Will     +....                  (no barding)
Stlth    +++.......             (no amulet)
HPRegen  0.21/turn              w - ring of wizardry
MPRegen  0.14/turn              (no ring)

@: very slow
A: AC +3, large, see invisible, deformed body, poison resistance, slowness 2,
spit poison 1, naga tail 1
a: Spit Poison


You were on level 5 of the Dungeon.
You visited 1 branch of the dungeon, and saw 5 of its levels.
You also visited: Sewer.

You collected 275 gold pieces.

Inventory:

Hand Weapons
 b - a +0 dagger of venom
Missiles
 c - 73 stones
 e - 54 poisoned darts
 u - a throwing net
Armour
 m - a +0 helmet (worn)
 o - a +2 robe of resistance (worn)
Magical Staves
 a - a staff of earth (weapon)
Jewellery
 w - a ring of wizardry (left hand)
Wands
 h - a wand of digging (4)
Scrolls
 n - a scroll of teleportation
 r - a scroll of fog
Potions
 d - a potion of mutation
 i - a potion of flight
 t - a potion of invisibility {unknown}
Miscellaneous
 v - a box of beasts (inert)


   Skills:
 - Level 1.5 Dodging
 + Level 5.7 Stealth
 * Level 4.3 Spellcasting
 - Level 5.0 Conjurations
 - Level 4.1 Transmutations
 * Level 7.7 Earth Magic


You had 5 spell levels left.
You knew the following spells:

 Your Spells              Type           Power      Damage    Failure   Level
a - Stone Arrow           Conj/Erth      80%        3d12      1%          3
b - Apportation           Tloc           6%         N/A       6%          1
c - Sandblast             Erth           94%        2d19      1%          1
d - Passwall              Tmut/Erth      31%        N/A       1%          2
e - Petrify               Tmut/Erth      38%        N/A       4%          4

Your spell library contained the following spells:

 Spells                   Type           Power      Damage    Failure   Level
 Spider Form              Tmut/Pois      5%         N/A       8%          3
 Ensorcelled Hibernation  Hex/Ice        6%         N/A       9%          2
 Slow                     Hex            3%         N/A       9%          2
 Animate Armour           Summ/Erth      52%        N/A       12%         4
 Confusing Touch          Hex            3%         N/A       16%         3
 Vampiric Draining        Necr           1%         2d6       16%         3
 Sticky Flame             Conj/Fire      12%        2d4       21%         4
 Irradiate                Conj/Tmut      10%        3d17      24%         5
 Blade Hands              Tmut           9%         N/A       26%         5
 Fireball                 Conj/Fire      6%         3d5       45%         5
 Alistair's Intoxication  Tmut/Pois      7%         N/A       52%         5
 Invisibility             Hex            1%         N/A       100%        6
 Shadow Creatures         Summ           N/A        N/A       100%        6
 Dragon Form              Tmut           9%         N/A       100%        7
 Lehudib's Crystal Spear  Conj/Erth      20%        10d6      100%        8


Dungeon Overview and Level Annotations

Branches:
Dungeon (5/15)              Sewer (visited)
 Temple: D:4-7

Altars:
Yredelemnul

Annotations:
D:3 1 runed translucent door
D:4 4 runed translucent doors


Innate Abilities, Weirdness & Mutations

Your serpentine skin is tough. (AC +3)
You have supernaturally acute eyesight. (SInv)
Armour fits poorly on your strangely shaped body.
Your system is resistant to poisons. (rPois)
You cover ground very slowly.
You can spit poison.
You have a snake-like lower body.


Message History

The orc closely misses you. The orc wizard casts a spell at you.
You are confused.
The orc warrior hits you with a +0 flail!
You take 11 damage, and have 26/68 hp.
You now have 1/15 mp.
You feel better. The orc hits you with a +0 flail.
The orc wizard hits you but does no damage.
The orc warrior completely misses you.
You regained 7 hp, and now have 33/68 hp.
Press: ? - help, Shift-Dir - straight line, f/p - orc warrior
Aim: an orc warrior, wielding a +0 flail and wearing a +0 plate armour (almost dead)
The splash of poison misses the orc warrior.
The orc barely misses you.
The orc wizard hits you but does no damage.
The orc warrior barely misses you.
Okay, then.
The orc warrior hits you with a +0 flail!
You take 8 damage, and have 25/68 hp.
Okay, then.
Okay, then.
Okay, then.
Casting: Stone Arrow (safe; 1% risk of failure)
Confirm with . or Enter, or press ? or * to list all spells.
Okay, then.
Unknown command.
The orc warrior hits you with a +0 flail!
* * * LOW HITPOINT WARNING * * *
You take 12 damage, and have 13/68 hp.
You feel better.
The orc wizard gestures at you while chanting.
The magic dart hits you.
* * * LOW HITPOINT WARNING * * *
The orc warrior hits you with a +0 flail!
* * * LOW HITPOINT WARNING * * *
You take 10 damage, and have 3/68 hp.
You have got your breath back.
The orc wizard closely misses you. The orc wizard casts a spell at you.
The magic dart hits you!
You die...

......#......#
......#......########
......#.............####+###
......#...).........#..)...#
#'##..#.............#......#
...##########.......#......#
...# #...o...#......# ...#
#...oo..)......# ...#
#...@..........# ...######
############+### ###.....#
..#.....# ..#.....#
..'.....# ###.....# #######


You could see an orc warrior, an orc wizard (invisible) and an orc.

Vanquished Creatures
  A hornet (D:5)
  A black bear (D:4)
  2 ogres
  2 phantoms
  A kobold brigand (D:4)
  2 bullfrogs (Sewer)
  A scorpion (D:5)
  5 wights
  A howler monkey (D:4)
  A bullfrog zombie (D:5)
  2 orc priests
  A gnoll shaman (D:4)
  A human skeleton (D:3)
  2 orc wizards
  A hound zombie (D:4)
  Robin (D:2)
  7 gnolls
  14 adders
  2 white imps (D:5)
  An adder skeleton (D:4)
  4 dart slugs
  14 orcs
  12 ball pythons
  10 endoplasms
  10 giant cockroaches
  21 goblins
  8 hobgoblins
  7 jackals
  5 kobolds
  8 quokkas
  4 bats
  8 frilled lizards
  A quokka zombie (D:4)
  7 rats
168 creatures vanquished.

Notes
Turn   | Place    | Note
-------+----------+-------------------------------------------
     0 | D:1      | gimp the Naga Earth Elementalist began the quest for the
                  | Orb.
     0 | D:1      | Reached XP level 1. HP: 15/15 MP: 3/3
   175 | D:1      | Reached XP level 2. HP: 22/22 MP: 5/5
   538 | D:1      | Reached XP level 3. HP: 24/28 MP: 1/6
   606 | D:1      | Learned a level 3 spell: Stone Arrow
   972 | D:2      | Noticed Robin
  1371 | D:2      | Reached XP level 4. HP: 36/36 MP: 5/7
  1398 | D:2      | Reached skill level 1 in Conjurations
  1712 | D:2      | Killed Robin
  1815 | D:3      | Found a glowing drain.
  1848 | D:3      | Learned a level 1 spell: Apportation
  1860 | D:3      | Reached skill level 4 in Earth Magic
  1862 | D:3      | Reached XP level 5. HP: 25/42 MP: 1/9
  1945 | Sewer    | Entered a sewer
  2279 | Sewer    | Reached XP level 6. HP: 49/49 MP: 6/10
  2292 | Sewer    | Got the Almanac of Virous Fire
  2496 | D:3      | Found a runed translucent door.
  2496 | D:3      | Noticed a human
  2501 | D:3      | Found a basalt altar of Yredelemnul.
  2835 | D:2      | Reached skill level 5 in Earth Magic
  2971 | D:3      | Learned a level 2 spell: Passwall
  2976 | D:3      | Learned a level 4 spell: Petrify
  3406 | D:4      | Noticed a black bear
  3415 | D:3      | Reached XP level 7. HP: 47/55 MP: 5/11
  4010 | D:4      | Reached skill level 6 in Earth Magic
  4086 | D:4      | Reached XP level 8. HP: 62/62 MP: 7/12
  4171 | D:4      | Reached skill level 5 in Conjurations
  4383 | D:4      | Found a large runed translucent door.
  4383 | D:4      | Noticed a two-headed ogre
  4384 | D:4      | Found a large runed translucent door.
  4387 | D:4      | Found a large runed translucent door.
  4387 | D:4      | Found a large runed translucent door.
  5082 | D:5      | Entered Level 5 of the Dungeon
  5288 | D:5      | Reached skill level 7 in Earth Magic
  5483 | D:5      | Noticed a hornet
  5502 | D:5      | Paralysed by a hornet for 1 turns
  5513 | D:5      | Killed a hornet
  5514 | D:5      | Reached skill level 5 in Stealth
  6189 | D:5      | Reached XP level 9. HP: 68/68 MP: 3/15
  6492 | D:5      | HP: 3/68 [orc warrior (13)]
  6495 | D:5      | Killed from afar by an orc wizard

Illustrated notes

Levels and vault maps discovered:
D:1:      dpeg_arrival_rooms_c, layout_basic, skrybe_limestone_x
D:2:      layout_rooms, minmay_tromino_mix6, uniq_robin
D:3:      layout_basic, dk_yredelemnul_ordeal, gup_sewer_entry_glass,
          serial_curves, eino_curves_03, eino_curves_01, grunt_ministairs_7,
          minmay_misc_feat_rugged, minivault_14, minmay_checkerbox
D:4:      layout_cave_pools, fountainhead, minmay_hollow_rounded_squares
D:5:      layout_gridville, beargit_hepliaklqana_dungeon_heroes,
          kennysheep_generic_room_5

Skill      XL: |  1  2  3  4  5  6  7  8 |
---------------+-------------------------+-----
Conjurations   | 1 2 3 4 5 |  5.0
Earth Magic    | 4 5 6 7 |  7.7
Transmutations | 2 3 4 |  4.1
Spellcasting   | 3 4 |  4.3
Stealth        | 5 |  5.7
Dodging        | |  1.5

Action                   |  1- 3 |  4- 6 |  7- 9 || total
-------------------------+-------+-------+-------++-------
Melee: Dagger            |    13 |    32 |    35 ||    80
       Staff             |       |       |     6 ||     6
 Cast: Sandblast         |    31 |    90 |    68 ||   189
       Stone Arrow       |       |       |    49 ||    49
       Petrify           |       |       |     2 ||     2
 Abil: Spit Poison       |    24 |    21 |     8 ||    53
Evoke: Wand              |       |     1 |       ||     1
       Box of beasts     |       |       |     1 ||     1
  Use: Scroll            |       |     4 |     7 ||    11
       Potion            |       |       |     7 ||     7
Armor: Robe              |     5 |    28 |    29 ||    62
Dodge: Dodged            |    16 |    44 |    51 ||   111
